 Dungeon Crawl Stone Soup version 0.17-a0-18-gc25b939 (webtiles) character file.

3 Pikaro the Skirmisher (level 1, 0/16 HPs)
             Began as a Formicid Abyssal Knight on Mar 8, 2015.
             Was an Initiate of Lugonu.
             Slain by a jackal (1 damage)
             ... on level 1 of the Dungeon.
             The game lasted 00:01:11 (78 turns).

Pikaro the Skirmisher (Formicid Abyssal Knight)       Turns: 78, Time: 00:01:11

Health: 0/16       AC:  3    Str: 16    XL:     1   Next: 55%
Magic:  0/1        EV: 11    Int: 11    God:    Lugonu [......]
Gold:   19         SH:  0    Dex: 16    Spells: 0 memorised, 0 levels left

rFire  . . .     SeeInvis +     a - +1 hand axe
rCold  . . .     Clarity  .     b - +0 leather armour
rNeg   . . .     SustAb   .     (no shield)
rPois  .         Gourm    .     (helmet unavailable)
rElec  .         Spirit   .     (no cloak)
rCorr  .         Warding  .     (no gloves)
rMut   .         Stasis   +     (no boots)
MR     .....                    (no amulet)
Stlth  +.........               (no ring)
                                f - +6 ring of dexterity

@: not resistant to hostile enchantments, very unstealthy
A: permanent stasis, dig shafts and tunnels, four strong arms, antennae 3, frail
1, MP-powered wands 1
a: Dig, Shaft Self, Renounce Religion


You were on level 1 of the Dungeon.
You worshipped Lugonu.
Lugonu was noncommittal.
You were not hungry.

You visited 1 branch of the dungeon, and saw 1 of its levels.
You visited the Abyss 1 time.

You collected 19 gold pieces.

Inventory:

Hand weapons
 a - a +1 hand axe (weapon)
Armour
 b - a +0 leather armour (worn)
Jewellery
 f - a +6 ring of dexterity (left hand)
   (You found it on level 2 of the Abyss)
Magical devices
 e - a wand of teleportation (5)
   (You found it on level 2 of the Abyss)
Comestibles
 c - a bread ration


   Skills:
 - Level 3.2 Fighting
 + Level 2.3 Axes
 - Level 2.1 Armour
 - Level 0.8 Dodging
 - Level 2.1 Invocations


You couldn't memorise any spells.
You didn't know any spells.

Dungeon Overview and Level Annotations

Branches:
Dungeon (1/15)

Altars:


Innate Abilities, Weirdness & Mutations

You are under a permanent stasis effect.
You can dig through walls and to a lower floor.
Your four strong arms can wield two-handed weapons with a shield.
You have a pair of large antennae on your head (SInv).
[You are frail (-10% HP).]
[You expend magic power (3 MP) to slightly strengthen your wands.]


Message History

Welcome, Pikaro the Formicid Abyssal Knight.
They say that the Orb of Zot exists deep within this dungeon, but nobody has ever found it.
Lugonu says: Depart the Abyss and spread corruption, my servant! (use the ability menu to exit the Abyss)
Found a corrupted altar of Lugonu.
There is a gateway leading deeper into the Abyss here.
You plunge deeper into the Abyss.
You sense a powerful magical force warping space.
Found a shimmering altar of Xom.
You now have 19 gold pieces.
d - a puce potion
e - a wand of teleportation A large abomination comes into view.
Spoiler Alert: The large abomination (wandering) might be fast and can hit for high damage in melee!
You see here a sapphire ring.
Spoiler Alert: The large abomination (wandering) might be fast and can hit for high damage in melee!
f - a sapphire ring Put on which piece of jewellery? (? for menu, Esc to quit)
You feel agile.
f - a +6 ring of dexterity (left hand)
A cacodemon comes into view.
The cacodemon shouts!
The cacodemon moves out of view.
A wretched star comes into view.
Spoiler Alert: The large abomination might be fast and can hit for high damage in melee!
The wretched star pulses with an eldritch light!
You feel frail.
You feel less able to contain your magic power.
You take 2 damage, and have 16/16 hp.
You pass through the gate.
Welcome to the Dungeon!
You feel somewhat more hungry.
You can no longer depart the Abyss at will.
There is a staircase leading out of the dungeon here.
You now have 0/1 mp. 3 jackals come into view.
The jackal barks! x3
You hear a bark!
You hear a shout!
A jackal comes into view.
Danger x4: jackal x4!
You closely miss the jackal. The jackal closely misses you.
The jackal barely misses you. x2
The jackal closely misses you. The jackal bites you.
The jackal closely misses you. x2
You take 1 damage, and have 15/16 hp.
You hit the jackal. You hit the jackal but do no damage. You miss the jackal.
You closely miss the jackal. The jackal closely misses you.
The jackal bites you.
The jackal bites you but does no damage.
The jackal completely misses you. The jackal closely misses you.
The jackal misses you.
You take 2 damage, and have 13/16 hp.
Danger x4: jackal x4!
You hit the jackal but do no damage. x2
You completely miss the jackal. You barely miss the jackal.
The jackal bites you. x2
The jackal completely misses you. The jackal closely misses you.
The jackal barely misses you. The jackal closely misses you.
The jackal bites you but does no damage.
The jackal barely misses you.
You take 6 damage, and have 7/16 hp.
MASSIVE DAMAGE!!
Danger x4: jackal x4!
You barely miss the jackal. You hit the jackal. You closely miss the jackal.
You hit the jackal. The jackal barely misses you.
The jackal bites you but does no damage.
The jackal bites you.
The jackal bites you but does no damage.
The jackal misses you. The jackal closely misses you. The jackal bites you.
* * * LOW HITPOINT WARNING * * *
You take 5 damage, and have 2/16 hp.
MASSIVE DAMAGE!!
Danger x4: jackal x4!
Drink which item? (? for menu, Esc to quit)
It was a potion of cancellation.
You feel magically purged. The jackal bites you.
* * * LOW HITPOINT WARNING * * *
The jackal closely misses you.
The jackal bites you but does no damage.
The jackal misses you. The jackal closely misses you.
You take 1 damage, and have 1/16 hp.
Danger x4: jackal x4!
You hit the jackal.
You kill the jackal!
You hit the jackal.
You kill the jackal!
You hit the jackal.
You kill the jackal!
You hit the jackal.
The jackal bites you but does no damage.
The jackal bites you.
You die...

# ..# ..#
..####
..#.. ###
.(..
{##.##..##
#...#h..#
+.<.@†..#
#..†#...#
##.##...#
{ ### ...#
{ .....
...#.#
...#. ....
#


You could see a jackal.

Vanquished Creatures
  3 jackals (D:1)
3 creatures vanquished.

Notes
Turn   | Place    | Note
--------------------------------------------------------------
     0 | Abyss:1  | Pikaro, the Formicid Abyssal Knight, began the quest for the Orb.
     0 | Abyss:1  | Reached XP level 1. HP: 18/18 MP: 1/1
    19 | Abyss:2  | Found a shimmering altar of Xom.
    64 | Abyss:2  | Noticed a large abomination
    67 | Abyss:2  | Noticed a cacodemon
    68 | Abyss:2  | Noticed a wretched star
    69 | D:1      | Escaped the Abyss
    76 | D:1      | HP: 2/16 [jackal (3)]
    78 | D:1      | Slain by a jackal

Action                   || total
-------------------------++-------
Melee: Hand axe          ||     5
Invok: Depart the Abyss  ||     1
  Use: Potion            ||     1

Vault maps used:
D:1:      dpeg_arrival_shelter

Table legend:
 A = Turns spent in this place as a percentage of turns spent in the entire game.
 B = Non-inter-level travel turns spent in this place as a percentage of non-inter-level travel turns spent in the entire game.
 C = Inter-level travel turns spent in this place as a percentage of turns spent in this place.
 D = Turns resting spent in this place as a percentage of non-inter-level travel turns spent in this place.
 E = Turns spent auto-exploring this place as a percentage of non-inter-level travel turns spent in this place.
 F = Non-inter-level travel turns spent in this place divided by the number of levels of this place that you've seen.
                   A       B       C       D       E      F
               +-------+-------+-------+-------+-------+----------------------
         Total | 100.0 | 100.0 |   0.0 |   0.0 |   0.0 |  26.0
       Dungeon |  12.8 |  12.8 |   0.0 |   0.0 |   0.0 |  10.0
         Abyss |  87.2 |  87.2 |   0.0 |   0.0 |   0.0 |  34.0
               +-------+-------+-------+-------+-------+----------------------

Table legend:
 A = Kills in this place as a percentage of kills in entire the game.
 B = Kills by you in this place as a percentage of kills by you in the entire game.
 C = Kills by friends in this place as a percentage of kills by friends in the entire game.
 D = Other kills in this place as a percentage of other kills in the entire game.
 E = Experience gained in this place as a percentage of experience gained in the entire game.
 F = Experience gained in this place divided by the number of levels of this place that you have seen.
                   A       B       C       D       E      F
               +-------+-------+-------+-------+-------+----------------------
         Total | 100.0 | 100.0 |  -nan |  -nan | 100.0 |   1.7
       Dungeon | 100.0 | 100.0 |  -nan |  -nan | 100.0 |   5.0
               +-------+-------+-------+-------+-------+----------------------
